BSA
VISTA PANTHERS @ POCATELLO BELLAS
06/19/2030
 
TOP OF THE 1ST
Vista Panthers batting - Pitching for Pocatello Bellas : RHP Kevin Bush
Pitching: RHP Kevin Bush
Batting: RHB Gustavo Torres 0-0: Called Strike
0-1: Ground out 1-3 (Groundball, P)
Batting: LHB Clyde Yarbrough 0-0: Ball
1-0: Ball
2-0: TRIPLE (Line Drive, 9LD)
Batting: RHB Jake Reeves 0-0: Ball
1-0: Fly out, F8 (Flyball, 8LM)
Runner from 3rd tags up, SCORES, throw made
Batting: LHB Dante Owens 0-0: Called Strike
0-1: SINGLE (Line Drive, 8LS)
Batting: RHB Stephen Wilson 0-0: Swinging Strike
0-1: Ball
1-1: Ball
2-1: Called Strike
2-2: Strikes out swinging, 2-3 out at first.
Top of the 1st over - 1 run, 2 hits, 0 errors, 1 left on base; Vista 1 - Pocatello 0
BOTTOM OF THE 1ST
Pocatello Bellas batting - Pitching for Vista Panthers : LHP Andrew Caine
Pitching: LHP Andrew Caine
Batting: RHB Lonnie Anderson 0-0: Ball
1-0: Called Strike
1-1: Fly out, F4 (Flyball, 34D)
Batting: LHB Keith Beard 0-0: Called Strike
0-1: Ball
1-1: Ground out 6-3 (Groundball, 6M)
Batting: RHB Buck Jones 0-0: Called Strike
0-1: Ball
1-1: Ground out 4-3 (Groundball, 4MS)
Bottom of the 1st over - 0 runs, 0 hits, 0 errors, 0 left on base; Vista 1 - Pocatello 0
TOP OF THE 2ND
Vista Panthers batting - Pitching for Pocatello Bellas : RHP Kevin Bush
Batting: RHB Phil Matthews 0-0: SINGLE (Groundball, 56D)
Batting: RHB Justin Burgess 0-0: Ball
1-0: Called Strike
1-1: Called Strike
1-2: Ball
2-2: Ball
3-2: Grounds into double play, 5-4-3 (Groundball, 5)
Batting: LHB Francisco Medina 0-0: Called Strike
0-1: Reached on error, E6 (Groundball, 6)
Batting: RHB Pablo Peña 0-0: Ball
1-0: Called Strike
Francisco Medina steals 2nd base
1-1: Foul Ball, location: 2F
1-2: Ball
2-2: Ball
3-2: Ground out 1-3 (Groundball, 13S)
Top of the 2nd over - 0 runs, 1 hit, 1 error, 1 left on base; Vista 1 - Pocatello 0
BOTTOM OF THE 2ND
Pocatello Bellas batting - Pitching for Vista Panthers : LHP Andrew Caine
Batting: SHB Shane Hutchinson 0-0: Ball
1-0: Called Strike
1-1: Called Strike
1-2: Foul Ball, location: 2F
1-2: Foul Ball, location: 2F
1-2: DOUBLE (Line Drive, 9LM)
Batting: RHB Juan Rodríguez 0-0: Ground out 6-3 (Groundball, 6)
Shane Hutchinson to third
Batting: LHB Roberto García 0-0: Swinging Strike
0-1: Fly out, F9 (Flyball, 89M)
Runner from 3rd tags up, SCORES, throw made
Batting: RHB Javier Deleón 0-0: Swinging Strike
0-1: Ball
1-1: Ball
2-1: Ball
3-1: Base on Balls
Batting: RHB Tom Doherty 0-0: Ball
1-0: Called Strike
1-1: Ground out 1-3 (Groundball, 13)
Bottom of the 2nd over - 1 run, 1 hit, 0 errors, 1 left on base; Vista 1 - Pocatello 1
TOP OF THE 3RD
Vista Panthers batting - Pitching for Pocatello Bellas : RHP Kevin Bush
Batting: RHB Gustavo Torres 0-0: Ball
1-0: Swinging Strike
1-1: Foul Ball, location: 2F
1-2: Ball
2-2: Strikes out swinging
Batting: LHB Clyde Yarbrough 0-0: Ball
1-0: Ball
2-0: Ball
3-0: Called Strike
3-1: Fly out, F8 (Flyball, 8LS)
Batting: RHB Jake Reeves 0-0: Ball
1-0: Ball
2-0: Called Strike
2-1: SINGLE (Line Drive, 4M)
Batting: LHB Dante Owens 0-0: Swinging Strike
Jake Reeves is caught stealing 2nd base
Top of the 3rd over - 0 runs, 1 hit, 0 errors, 0 left on base; Vista 1 - Pocatello 1
BOTTOM OF THE 3RD
Pocatello Bellas batting - Pitching for Vista Panthers : LHP Andrew Caine
Batting: SHB Juan Castro 0-0: Called Strike
0-1: Called Strike
0-2: Strikes out swinging
Batting: RHB Lonnie Anderson 0-0: Ball
1-0: Called Strike
1-1: Swinging Strike
1-2: Foul Ball, location: 2F
1-2: Ball
2-2: Foul Ball, location: 2F
2-2: Strikes out swinging
Batting: LHB Keith Beard 0-0: Called Strike
0-1: Ball
1-1: Ball
2-1: Foul Ball, location: 2F
2-2: Strikes out swinging, 2-3 out at first.
Bottom of the 3rd over - 0 runs, 0 hits, 0 errors, 0 left on base; Vista 1 - Pocatello 1
TOP OF THE 4TH
Vista Panthers batting - Pitching for Pocatello Bellas : RHP Kevin Bush
Batting: LHB Dante Owens 0-0: Called Strike
0-1: Ball
1-1: SINGLE (Flyball, 8RS)
Batting: RHB Stephen Wilson 0-0: Called Strike
0-1: Called Strike
0-2: Ball
1-2: Foul Ball, location: 2F
1-2: Grounds into double play, 5-4-3 (Groundball, 56)
Batting: RHB Phil Matthews 0-0: Called Strike
0-1: Foul Ball, location: 2F
0-2: Foul Ball, location: 2F
0-2: Ball
1-2: Strikes out swinging
Top of the 4th over - 0 runs, 1 hit, 0 errors, 0 left on base; Vista 1 - Pocatello 1
BOTTOM OF THE 4TH
Pocatello Bellas batting - Pitching for Vista Panthers : LHP Andrew Caine
Batting: RHB Buck Jones 0-0: Ball
1-0: Ball
2-0: Called Strike
2-1: Foul Ball, location: 2F
2-2: Fly out, F8 (Line Drive, 89D)
Batting: SHB Shane Hutchinson 0-0: Ball
1-0: Swinging Strike
1-1: Ball
2-1: Ball
3-1: Ground out 5-3 (Groundball, 56)
Batting: RHB Juan Rodríguez 0-0: SINGLE (Line Drive, 8RS)
Batting: LHB Roberto García 0-0: Called Strike
0-1: Ball
1-1: Fly out, F7 (Line Drive, 7D)
Bottom of the 4th over - 0 runs, 1 hit, 0 errors, 1 left on base; Vista 1 - Pocatello 1
TOP OF THE 5TH
Vista Panthers batting - Pitching for Pocatello Bellas : RHP Kevin Bush
Batting: RHB Justin Burgess 0-0: Ball
1-0: Foul Ball, location: 2F
1-1: Called Strike
1-2: Fly out, F9 (Line Drive, 9)
Batting: LHB Francisco Medina 0-0: Called Strike
0-1: Fly out, F7 (Flyball, 7)
Batting: RHB Pablo Peña 0-0: Ball
1-0: SINGLE (Groundball, 34D)
Batting: RHB Gustavo Torres 0-0: Ball
1-0: Foul Ball, location: 2F
1-1: Called Strike
1-2: Ball
2-2: Strikes out looking
Top of the 5th over - 0 runs, 1 hit, 0 errors, 1 left on base; Vista 1 - Pocatello 1
BOTTOM OF THE 5TH
Pocatello Bellas batting - Pitching for Vista Panthers : LHP Andrew Caine
Batting: RHB Javier Deleón 0-0: Ball
1-0: Called Strike
1-1: Ground out 5-3 (Groundball, 5S)
Batting: RHB Tom Doherty 0-0: Called Strike
0-1: Ball
1-1: Fly out, F2 (Popup, 23F)
Batting: SHB Juan Castro 0-0: Ball
1-0: Foul Ball, location: 2F
1-1: Ball
2-1: Swinging Strike
2-2: Strikes out swinging
Bottom of the 5th over - 0 runs, 0 hits, 0 errors, 0 left on base; Vista 1 - Pocatello 1
TOP OF THE 6TH
Vista Panthers batting - Pitching for Pocatello Bellas : RHP Kevin Bush
Batting: LHB Clyde Yarbrough 0-0: Ball
1-0: Called Strike
1-1: Called Strike
1-2: Strikes out swinging passed ball, reaches first!
Batting: RHB Jake Reeves 0-0: Grounds into double play, 6-4-3 (Groundball, 6)
Batting: LHB Dante Owens 0-0: Ball
1-0: Ball
2-0: Ball
3-0: Called Strike
3-1: Swinging Strike
3-2: SINGLE (Groundball, 3D)
Batting: RHB Stephen Wilson 0-0: Ball
1-0: Ball
2-0: Ball
3-0: Foul Ball, location: 2F
3-1: Base on Balls
Dante Owens to second
Batting: RHB Phil Matthews 0-0: Fly out, F9 (Flyball, 9)
Top of the 6th over - 0 runs, 1 hit, 0 errors, 2 left on base; Vista 1 - Pocatello 1
BOTTOM OF THE 6TH
Pocatello Bellas batting - Pitching for Vista Panthers : LHP Andrew Caine
Batting: RHB Lonnie Anderson 0-0: Fly out, F4 (Line Drive, 4M)
Batting: LHB Keith Beard 0-0: Ball
1-0: Ball
2-0: Ball
3-0: Called Strike
3-1: Foul Ball, location: 2F
3-2: Foul Ball, location: 2F
3-2: Base on Balls
Batting: RHB Buck Jones 0-0: Ball
1-0: Ball
2-0: Foul Ball, location: 2F
2-1: Foul Ball, location: 2F
2-2: Grounds into double play, 4-6-3 (Groundball, 4)
Bottom of the 6th over - 0 runs, 0 hits, 0 errors, 0 left on base; Vista 1 - Pocatello 1
TOP OF THE 7TH
Vista Panthers batting - Pitching for Pocatello Bellas : RHP Kevin Bush
Batting: RHB Justin Burgess 0-0: Called Strike
0-1: Called Strike
0-2: Ground out 4-3 (Groundball, 4)
Batting: LHB Francisco Medina 0-0: Ball
1-0: Ground out 3-1 (Groundball, 34)
Batting: RHB Pablo Peña 0-0: Ball
1-0: Called Strike
1-1: SOLO HOME RUN (Flyball, 7D), Distance : 374 ft
Batting: RHB Gustavo Torres 0-0: Ball
1-0: Foul Ball, location: 2F
1-1: Ball
2-1: SOLO HOME RUN (Flyball, 9LD), Distance : 337 ft
Batting: LHB Clyde Yarbrough 0-0: Ground out 4-3 (Groundball, 4)
Top of the 7th over - 2 runs, 2 hits, 0 errors, 0 left on base; Vista 3 - Pocatello 1
BOTTOM OF THE 7TH
Pocatello Bellas batting - Pitching for Vista Panthers : LHP Andrew Caine
Batting: SHB Shane Hutchinson 0-0: Called Strike
0-1: Ball
1-1: Ball
2-1: Called Strike
2-2: Fly out, F2 (Popup, 23F)
Batting: RHB Juan Rodríguez 0-0: Called Strike
0-1: Ball
1-1: Ball
2-1: Called Strike
2-2: Ball
3-2: Strikes out swinging
Batting: LHB Roberto García 0-0: Ball
1-0: Foul Ball, location: 2F
1-1: Foul Ball, location: 2F
1-2: Ball
2-2: Ball
3-2: Ground out U3 (Groundball, 3)
Bottom of the 7th over - 0 runs, 0 hits, 0 errors, 0 left on base; Vista 3 - Pocatello 1
TOP OF THE 8TH
Vista Panthers batting - Pitching for Pocatello Bellas : RHP Kevin Bush
Batting: RHB Jake Reeves 0-0: Foul Ball, location: 2F
0-1: Ball
1-1: Swinging Strike
1-2: Ball
2-2: Ground out 6-3 (Groundball, 6)
Batting: LHB Dante Owens 0-0: Ball
1-0: Ground out 4-3 (Groundball, 34D)
Batting: RHB Stephen Wilson 0-0: Called Strike
0-1: Swinging Strike
0-2: Ball
1-2: Fly out, F9 (Flyball, 89D)
Top of the 8th over - 0 runs, 0 hits, 0 errors, 0 left on base; Vista 3 - Pocatello 1
BOTTOM OF THE 8TH
Pocatello Bellas batting - Pitching for Vista Panthers : LHP Andrew Caine
Batting: RHB Javier Deleón 0-0: Called Strike
0-1: Ball
1-1: Fly out, F7 (Flyball, 78XD)
Batting: RHB Tom Doherty 0-0: Ground out U3 (Groundball, 34)
Batting: SHB Juan Castro 0-0: Ball
1-0: Called Strike
1-1: Ball
2-1: Ball
3-1: Called Strike
3-2: SINGLE (Groundball, 6D)
Pitching: LHP António Martínez
Batting: RHB Lonnie Anderson 0-0: Ball
1-0: Ball
2-0: Fly out, F6 (Popup, 6M)
Bottom of the 8th over - 0 runs, 1 hit, 0 errors, 1 left on base; Vista 3 - Pocatello 1
TOP OF THE 9TH
Vista Panthers batting - Pitching for Pocatello Bellas : RHP Kevin Bush
Pitching: LHP Gerald Johnson
Batting: RHB Phil Matthews 0-0: Ground out 6-3 (Groundball, 6)
Batting: RHB Justin Burgess 0-0: Ball
1-0: Ball
2-0: Foul Ball, location: 2F
2-1: Swinging Strike
2-2: Foul Ball, location: 2F
2-2: SINGLE (Flyball, 7LS)
Batting: LHB Francisco Medina 0-0: Called Strike
0-1: Ball
1-1: Foul Ball, location: 2F
1-2: Strikes out swinging
Batting: RHB Pablo Peña 0-0: Called Strike
0-1: Foul Ball, location: 2F
0-2: Strikes out looking
Top of the 9th over - 0 runs, 1 hit, 0 errors, 1 left on base; Vista 3 - Pocatello 1
BOTTOM OF THE 9TH
Pocatello Bellas batting - Pitching for Vista Panthers : LHP António Martínez
Pitching: RHP David Simpson
Batting: LHB Keith Beard 0-0: Called Strike
0-1: Foul Ball, location: 2F
0-2: DOUBLE (Line Drive, 89D)
Batting: RHB Buck Jones 0-0: Foul Ball, location: 2F
0-1: Foul Ball, location: 2F
0-2: Ball
1-2: Ball
2-2: Ball
3-2: Fly out, F8 (Flyball, 78M)
Batting: SHB Shane Hutchinson 0-0: Called Strike
0-1: SINGLE (Flyball, 78S)
Keith Beard to third
Batting: RHB Juan Rodríguez 0-0: Ground out U3 (Groundball, 3S)
Shane Hutchinson to second
Batting: LHB Roberto García 0-0: Called Strike
0-1: Ball
1-1: Foul Ball, location: 2F
1-2: Fly out, F8 (Flyball, 8LM)
Bottom of the 9th over - 0 runs, 2 hits, 0 errors, 2 left on base; Vista 3 - Pocatello 1
Saturday, April 7th, 2018 - OOTP Baseball 18.8 Build 76